 Dungeon Crawl Stone Soup version 0.23.2-1-ga50397a6bc (webtiles) character file.

Game seed: 2065012107871961582

1049 Ethylacetat the Firebug (level 8, -3/52 HPs)
             Began as a Demonspawn Fire Elementalist on Apr 17, 2019.
             Was an Initiate of Vehumet.
             Slain by an orc warrior
             ... wielding a +0 halberd
              (20 damage)
             ... on level 5 of the Dungeon.
             The game lasted 00:25:29 (4939 turns).

Ethylacetat the Firebug (DsFE)                      Turns: 4939, Time: 00:25:30

Health: -3/52      AC:  3    Str:  9    XL:     8   Next: 5%
Magic:  0/14       EV: 14    Int: 19    God:    Vehumet [......]
Gold:   180        SH:  0    Dex: 13    Spells: 8/16 levels left

rFire    . . .     SeeInvis .   m - +1 dagger (venom)
rCold    . . .     Gourm    .   (no shield)
rNeg     . . .     Faith    .   a - +0 robe
rPois    .         Spirit   +   (no helmet)
rElec    .         Reflect  .   u - +0 cloak
rCorr    .         Harm     .   (no gloves)
MR       +....                  (no boots)
Stlth    ++........             (no amulet)
HPRegen  0.17/turn              n - ring of protection from magic
MPRegen  0.28/turn              s - ring of wizardry

@: no status effects
A: talons 2, repulsion field 1, magic shield, magic regeneration
a: Renounce Religion


You were on level 5 of the Dungeon.
You worshipped Vehumet.
Vehumet was noncommittal.
You were hungry.

You visited 2 branches of the dungeon, and saw 6 of its levels.

You collected 235 gold pieces.
You spent 55 gold pieces at shops.

Inventory:

Hand Weapons
 m - a +1 dagger of venom (weapon)
Armour
 a - a +0 robe (worn)
 u - a +0 cloak (worn)
Jewellery
 d - an uncursed ring of stealth
 h - an uncursed ring of stealth
 n - a ring of protection from magic (left hand)
 s - a ring of wizardry (right hand)
Scrolls
 e - 3 scrolls of remove curse {unknown}
 f - 2 scrolls of teleportation
 g - 4 scrolls of identify
 i - a scroll of magic mapping {unknown}
 j - 2 scrolls of enchant armour {unknown}
 k - a scroll of fear {unknown}
 l - a scroll of immolation {unknown}
 q - 2 scrolls of amnesia {unknown}
 r - 2 scrolls of noise {unknown}
Potions
 o - 3 potions of heal wounds {unknown}
 p - a potion of resistance {unknown}
 t - 2 potions of brilliance {unknown}
 v - a potion of agility {unknown}
Comestibles
 c - 5 rations


   Skills:
 - Level 1.7 Dodging
 - Level 1.7 Stealth
 + Level 4.5 Spellcasting
 + Level 4.6 Conjurations
 * Level 6.7 Fire Magic


You had 8 spell levels left.
You knew the following spells:

 Your Spells              Type           Power        Failure   Level  Hunger
a - Flame Tongue          Conj/Fire      ####.        1%          1    None
b - Throw Flame           Conj/Fire      ####..       1%          2    #......
c - Fireball              Conj/Fire      ####......   14%         5    ######.

Your spell library contained the following spells:

 Spells                   Type           Power        Failure   Level  Hunger
 Conjure Flame            Conj/Fire      ####....     1%          3    ###....
 Inner Flame              Hex/Fire       ###.....     4%          3    ###....
 Sticky Flame             Conj/Fire      ####....     4%          4    ####...


Dungeon Overview and Level Annotations

Branches:
Dungeon (5/15)             Temple (1/1) D:5

Altars:
Cheibriados
Dithmenos
Elyvilon
Fedhas
Gozag
Kikubaaqudgha
Nemelex Xobeh
Okawaru
Qazlal
Ru
Trog
Vehumet
Wu Jian
Yredelemnul
Zin

Shops:
D:4 ?


Innate Abilities, Weirdness & Mutations

You have razor-sharp toenails.
You are surrounded by a mild repulsion field. (EV +2)
When hurt, damage is shared between your health and your magic reserves.
You regenerate magic rapidly.


Message History

The flame tongue hits the orc warrior but does no damage.
The orc warrior is moderately wounded.
The orc warrior completely misses you.
Casting: Flame Tongue (safe; 1% risk of failure)
Confirm with . or Enter, or press ? or * to list all spells.
Aiming: Flame Tongue (safe; 1% risk of failure)
Press: ? - help, Shift-Dir - straight line, f/p - orc warrior
Aim: an orc warrior, wielding a +0 halberd and wearing a +0 chain mail (heavily wounded, poisoned)
The flame tongue hits the orc warrior.
The orc warrior is heavily wounded.
The orc warrior hits you with a +0 halberd!
Casting: Flame Tongue (safe; 1% risk of failure)
Confirm with . or Enter, or press ? or * to list all spells.
Aiming: Flame Tongue (safe; 1% risk of failure)
Press: ? - help, Shift-Dir - straight line, f/p - orc warrior
Aim: an orc warrior, wielding a +0 halberd and wearing a +0 chain mail (heavily wounded, poisoned)
The flame tongue hits the orc warrior.
The orc warrior is severely wounded.
The orc warrior hits you with a +0 halberd!!
You die...

..................
........#########.
.# .######.# #. ..
#.# #.###.# #.#
#..... #.#
#######.....
#.###..........#
#..............#
#..รท...@o....#<#
...........####....#
#####.###.## #.####
#....... ..
##########


You could see an orc warrior.

Vanquished Creatures
  Sigmund (D:2)
  3 ogres
  Blork the orc (D:4)
  A scorpion (D:4)
  A howler monkey (D:4)
  A bullfrog skeleton (D:4)
  2 orc priests (D:4)
  4 orc wizards
  2 iguanas (D:4)
  Ijyb (D:3)
  4 gnolls (D:4)
  5 adders
  An ooze (D:1)
  An adder skeleton (D:2)
  6 worms
  5 dart slugs
  4 leopard geckos
  13 orcs
  5 giant cockroaches
  16 goblins
  14 hobgoblins
  A ball python (D:3)
  2 bats
  8 frilled lizards
  5 kobolds
  A quokka skeleton (D:4)
  5 rats
113 creatures vanquished.

Notes
Turn   | Place    | Note
-------+----------+-------------------------------------------
     0 | D:1      | Ethylacetat the Demonspawn Fire Elementalist began the
                  | quest for the Orb.
     0 | D:1      | Reached XP level 1. HP: 13/13 MP: 3/3
   201 | D:1      | Reached skill level 3 in Fire Magic
   201 | D:1      | Gained mutation: You have sharp toenails. [demonic
                  | ancestry]
   201 | D:1      | Reached XP level 2. HP: 14/19 MP: 3/5
   891 | D:2      | Found an iron altar of Okawaru.
   987 | D:2      | Gained mutation: You have razor-sharp toenails. [demonic
                  | ancestry]
   987 | D:2      | Reached XP level 3. HP: 24/24 MP: 4/6
  1021 | D:2      | Noticed Sigmund
  1074 | D:2      | Killed Sigmund
  1074 | D:2      | Reached skill level 4 in Fire Magic
  1074 | D:2      | Gained mutation: When hurt, damage is shared between your
                  | health and your magic reserves. [demonic ancestry]
  1074 | D:2      | Reached XP level 4. HP: 18/30 MP: 0/8
  1074 | D:2      | Reached XP level 5. HP: 22/35 MP: 0/9
  1437 | D:2      | Found an ornate altar of the Wu Jian Council.
  1884 | D:2      | Found a glowing silver altar of Zin.
  2002 | D:3      | Gained mutation: You regenerate magic rapidly. [demonic
                  | ancestry]
  2002 | D:3      | Reached XP level 6. HP: 5/41 MP: 0/10
  2743 | D:3      | Noticed Ijyb
  2755 | D:3      | Killed Ijyb
  2755 | D:3      | Reached skill level 5 in Fire Magic
  3032 | D:3      | Found a sparkling altar of Nemelex Xobeh.
  3466 | D:4      | Learned a level 2 spell: Throw Flame
  3472 | D:4      | Learned a level 5 spell: Fireball
  3565 | D:4      | Gained mutation: You are surrounded by a mild repulsion
                  | field. (EV +2) [demonic ancestry]
  3565 | D:4      | Reached XP level 7. HP: 41/46 MP: 2/12
  3571 | D:4      | Found Ganousm's Magic Scroll Boutique.
  3580 | D:4      | Bought a scroll of identify for 22 gold pieces
  3580 | D:4      | Bought a scroll of teleportation for 33 gold pieces
  3695 | D:4      | Noticed Blork the orc
  3701 | D:4      | Killed Blork the orc
  3799 | D:4      | Reached skill level 6 in Fire Magic
  4430 | D:5      | Entered Level 5 of the Dungeon
  4611 | D:5      | Reached XP level 8. HP: 30/52 MP: 3/14
  4822 | D:5      | Found a staircase to the Ecumenical Temple.
  4831 | Temple   | Entered the Ecumenical Temple
  4864 | Temple   | Became a worshipper of Vehumet
  4939 | D:5      | Slain by an orc warrior

Skill      XL: |  1  2  3  4  5  6  7 |
---------------+----------------------+-----
Fire Magic     | 3 4 5 6 |  6.7
Spellcasting   | 3 4 |  4.5
Conjurations   | 2 3 4 |  4.6
Dodging        | |  1.7
Stealth        | |  1.7

Action                   |  1- 3 |  4- 6 |  7- 9 || total
-------------------------+-------+-------+-------++-------
Melee: Unarmed           |    11 |     4 |       ||    15
       Kick              |       |     1 |     5 ||     6
       Hand axe          |       |    10 |     5 ||    15
       Dagger            |       |       |    26 ||    26
 Cast: Flame Tongue      |    46 |   138 |    77 ||   261
       Throw Flame       |       |     4 |     2 ||     6
  Use: Potion            |       |       |     4 ||     4
       Scroll            |       |       |     1 ||     1
  Eat: Chunk             |     1 |     8 |     3 ||    12
Armor: Robe              |     6 |     4 |    15 ||    25
       Skin              |       |     3 |       ||     3
Dodge: Dodged            |    17 |    21 |    37 ||    75
